 Dungeon Crawl Stone Soup version 0.30-a0-122-g2a1322497e (webtiles) character file.

Game seed: 7784451971323190263

508 Dreamer the Sneak (level 6, -3/44 HPs)
             Began as a Vampire Enchanter on Sept 16, 2022.
             Slain by a steam dragon (8 damage)
             ... on level 5 of the Dungeon.
             The game lasted 00:11:57 (3664 turns).

Dreamer the Sneak (Vampire Enchanter)               Turns: 3664, Time: 00:11:57

Health: -3/44      AC:  6    Str:  7    XL:     6   Next: 98%
Magic:  11/11      EV: 13    Int: 17    God:
Gold:   251        SH:  0    Dex: 17    Spells: 4/12 levels left

rFire   . . .      SeeInvis +    a - +1 dagger
rCold   . . .      Faith    .    (no shield)
rNeg    . . .      Spirit   .    b - +0 robe
rPois   .          Reflect  .    (no helmet)
rElec   .          Harm     .    (no cloak)
rCorr   .          Rampage  .    (no gloves)
Will    .....                    (no boots)
Stlth   ++++......               (no amulet)
HPRegen 0.34/turn                r - +4 ring of protection
MPRegen 0.12/turn                (no ring)

@: healing quickly, invisible
A: alive, fangs 3, see invisible, vampiric 2
a: Exsanguinate


You were on level 5 of the Dungeon.
You visited 1 branch of the dungeon, and saw 5 of its levels.

You collected 251 gold pieces.

Inventory:

Hand Weapons
 a - a +1 dagger (weapon)
Armour
 b - a +0 robe (worn)
Jewellery
 r - a +4 ring of protection (left hand)
Wands
 n - a wand of light (13)
 o - a wand of digging (8)
 t - a wand of paralysis (10)
Scrolls
 e - 2 scrolls of amnesia {unknown}
 f - a scroll of noise {unknown}
 g - 2 scrolls of magic mapping {unknown}
 h - 3 scrolls of teleportation {unknown}
 k - 5 scrolls of identify {unknown}
 p - a scroll of enchant weapon {unknown}
Potions
 d - 2 potions of curing {unknown}
 i - 2 potions of degeneration {unknown}
 j - a potion of heal wounds {unknown}
 l - 2 potions of flight {unknown}
 m - a potion of mutation {unknown}
 q - a potion of attraction {unknown}
 s - a potion of haste {unknown}


   Skills:
 + Level 2.0 Fighting
 + Level 2.9 Short Blades
 + Level 3.4 Dodging
 * Level 7.3 Stealth
 * Level 3.9 Spellcasting
 + Level 5.6 Hexes


You had 4 spell levels left.
You knew the following spells:

 Your Spells              Type           Power      Damage    Failure   Level
a - Ensorcelled Hibernat  Hex/Ice        24%        N/A       8%          2
b - Confusing Touch       Hex            22%        N/A       4%          3
c - Tukima's Dance        Hex            22%        N/A       4%          3

Your spell library contained the following spells:

 Spells                   Type           Power      Damage    Failure   Level
 Slow                     Hex            88%        N/A       1%          1
 Apportation              Tloc           6%         N/A       16%         1
 Foxfire                  Conj/Fire      12%        2x1d4     16%         1
 Magic Dart               Conj           12%        1d3       16%         1
 Necrotise                Necr           12%        1d4       16%         1
 Sandblast                Erth           6%         2d5       16%         1
 Summon Small Mammal      Summ           12%        N/A       16%         1
 Dazzling Flash           Conj/Hex       24%        N/A       16%         3
 Call Imp                 Summ           3%         N/A       24%         2
 Mephitic Cloud           Conj/Pois/Air  3%         N/A       43%         3
 Anguish                  Hex/Necr       6%         N/A       45%         4
 Animate Dead             Necr           3%         N/A       85%         4
 Borgnjor's Vile Clutch   Necr/Erth      1%         N/A       99%         5
 Death Channel            Necr           1%         N/A       100%        6
 Enfeeble                 Hex            11%        N/A       100%        7


Dungeon Overview and Level Annotations

Branches:
Dungeon (5/15)
 Temple: D:4-7

Altars:
Qazlal
Ru
Vehumet

Shops:
D:4 [   D:5 *


Innate Abilities, Weirdness & Mutations

Your natural rate of healing is accelerated.
You have razor-sharp teeth.
You have supernaturally acute eyesight. (SInv)
You are afflicted with vampirism and can become a bat while bloodless.


Message History

The steam dragon breathes steam at the gnoll.
The ball of steam hits the gnoll!!
The gnoll dies!
The ball of steam hits you!
You are engulfed in a cloud of scalding steam.
The goblin throws a stone.
The stone closely misses you. The goblin completely misses you.
Items here: ! ( ††.
The goblin is engulfed in a cloud of scalding steam.
The goblin dies!
The kobold throws a stone.
The stone hits the goblin.
You catch the helpless steam dragon completely off-guard!
You puncture the steam dragon!
The steam dragon is heavily wounded.
The steam dragon misses you. x2
The kobold is engulfed in a cloud of scalding steam.
The kobold dies!
The goblin is engulfed in a cloud of scalding steam.
The goblin dies!
You hit the steam dragon but do no damage.
The steam dragon is heavily wounded.
You hit the steam dragon.
You bite the steam dragon, but do no damage.
The steam dragon is severely wounded.
The steam dragon completely misses you. The steam dragon claws you.
You hit the steam dragon but do no damage.
The steam dragon is severely wounded.
You are engulfed in a cloud of scalding steam.
The steam dragon breathes steam at you. The ball of steam misses you.
You hear a shout!
Items here: ! ( ††.
You hit the steam dragon but do no damage.
The steam dragon is severely wounded.
You are engulfed in a cloud of scalding steam.
You are engulfed in a cloud of scalding steam.
* * * LOW HITPOINT WARNING * * *
You see here 5 stones.
The steam dragon bites you!
You die...

..#...........## #..........).#
##..........### ####.o##......##
#........#..#.#.#.##...........#
#......#.#.##~~~~~~#.).........#
.........#.# ....g.'.......##..##
...........##~~~~o≈#........:....
........##..##.#.# #((..........#
...s.......#########............#
............#...@.((..§.§...##.##
........†).....D.=...............
.......###.#.....###..##.§.#.....
...........#..........?..........
......##...............P.........
...##.#............##..P._.......
..........#........##............
.....##...##.s.....##..PPPP......
.....##......#.....##............


You could see a steam dragon (wandering, unable to see you, catching breath) and
a scorpion (wandering, unable to see you).

Vanquished Creatures
  A black bear (D:5)
  A scorpion (D:5)
  2 orc priests (D:4)
  Ijyb (D:3)
  5 iguanas
  7 adders
  A white imp (D:5)
  2 ufetubi (D:4)
  A worm (D:2)
  3 dart slugs
  3 orcs
  4 endoplasms
  2 giant cockroaches
  7 goblins
  7 hobgoblins
  2 quokkas (D:1)
  5 ball pythons
  3 bats
  6 frilled lizards
  5 kobolds
  4 rats
72 creatures vanquished.

Vanquished Creatures (others)
  A gnoll (D:5)
  2 goblins (D:5)
  A kobold (D:5)
  A fungus (D:5)
5 creatures vanquished.

Grand Total: 77 creatures vanquished

Notes
Turn   | Place    | Note
-------+----------+-------------------------------------------
     0 | D:1      | Dreamer the Vampire Enchanter began the quest for the Orb.
     0 | D:1      | Reached XP level 1. HP: 13/13 MP: 3/3
   107 | D:1      | Reached XP level 2. HP: 19/19 MP: 5/5
   128 | D:1      | Learned a level 2 spell: Ensorcelled Hibernation
   324 | D:1      | Found a faded altar of an unknown god.
   330 | D:1      | Reached skill level 5 in Stealth
   426 | D:1      | Gained mutation: You are afflicted with vampirism and can
                  | become a bat while bloodless. [Vampire growth]
   426 | D:1      | Reached XP level 3. HP: 20/25 MP: 4/6
   432 | D:1      | Learned a level 3 spell: Confusing Touch
  1529 | D:3      | Got Akenudut's Tutorial on Witchcraft
  1554 | D:3      | Reached XP level 4. HP: 28/31 MP: 8/8
  1558 | D:3      | Learned a level 3 spell: Tukima's Dance
  1585 | D:3      | Noticed Ijyb
  1622 | D:3      | Killed Ijyb
  1717 | D:3      | Reached skill level 1 in Fighting
  1786 | D:3      | Found a stormy altar of Qazlal.
  2076 | D:4      | Found Ezxodob's Armour Shoppe.
  2249 | D:4      | Found a radiant altar of Vehumet.
  2783 | D:4      | Reached skill level 6 in Stealth
  2783 | D:4      | Reached skill level 5 in Hexes
  2783 | D:4      | Reached XP level 5. HP: 29/37 MP: 2/9
  3394 | D:5      | Entered Level 5 of the Dungeon
  3423 | D:5      | Reached XP level 6. HP: 44/44 MP: 8/11
  3447 | D:5      | Reached skill level 7 in Stealth
  3496 | D:5      | Found Jenwen's General Store.
  3506 | D:5      | Found a sacrificial altar of Ru.
  3643 | D:5      | Noticed a steam dragon
  3664 | D:5      | Slain by a steam dragon

Illustrated notes

Levels and vault maps discovered:
D:1:      grunt_arrival_lava_bath, layout_rooms,
          hellmonk_ecumenical_altar_lost_god
D:2:      layout_loops_ring
D:3:      layout_rooms, grunt_qazlal_clouds, uniq_ijyb
D:4:      layout_layer_cave, fiery_altar_vehumet, serial_shops,
          nicolae_shop_trees, saegor_snake_ambush
D:5:      layout_cave_pools, okawaru_altar_gauntlet_db,
          mainiacjoe_overflow_chevrons, lightli_ossuary_entry_decrepit_ruins,
          serial_shops, shop

Skill      XL: |  1  2  3  4  5  6 |
---------------+-------------------+-----
Stealth        | 5 6 7 |  7.3
Short Blades   | 2 |  2.9
Fighting       | 1 2 |  2.0
Spellcasting   | 3 |  3.9
Hexes          | 5 |  5.6
Dodging        | 3 |  3.4

Action                   |  1- 3 |  4- 6 || total
-------------------------+-------+-------++-------
Melee: Dagger            |   106 |   104 ||   210
       Bite              |     8 |     6 ||    14
       Punch             |     2 |     2 ||     4
 Cast: Ensorcelled Hiber |    14 |    18 ||    32
       Confusing Touch   |       |     3 ||     3
  Use: Potion            |       |     2 ||     2
 Stab: Sleeping          |    16 |    19 ||    35
       Confused          |       |     1 ||     1
       Invisible         |       |     3 ||     3
Armor: Robe              |    13 |    17 ||    30
Dodge: Dodged            |    64 |    87 ||   151

Table legend: (Time is in decaauts)
 A = Elapsed time spent in this place.
 B = Non-inter-level travel time spent in this place.
 C = Inter-level travel time spent in this place.
 D = Time resting spent in this place.
 E = Time spent auto-exploring this place.
 F = Levels seen in this place.
 G = Mean time per level.
                   A        B        C        D        E       F      G
               +--------+--------+--------+--------+--------+-----+--------+
         Total |   3674 |   3608 |     66 |    446 |   2150 |   5 |  734.8 |
       Dungeon |   3674 |   3608 |     66 |    446 |   2150 |   5 |  734.8 |
               +--------+--------+--------+--------+--------+-----+--------+

Top non-repeatable levels by time:
     D:4: 1548 daAuts
     D:1: 757 daAuts
     D:2: 701 daAuts
     D:3: 402 daAuts
     D:5: 264 daAuts
